 Dungeon Crawl Stone Soup version 0.30-a0-739-gea05faddec (webtiles) character file.

Game seed: 12615499320151713138

445 ParallaxScroll the Changer (level 7, -2/46 HPs)
             Began as an Octopode Transmuter on Feb 4, 2023.
             Was a Believer of Uskayaw.
             Slain by an orc wizard
             ... wielding a +0 dagger
              (4 damage)
             ... on level 4 of the Dungeon.
             The game lasted 00:27:22 (4865 turns).

ParallaxScroll the Changer (Octopode Transmuter)    Turns: 4865, Time: 00:27:23

Health: -2/46      AC:  1    Str: 14    XL:     7   Next: 3%
Magic:  5/10       EV: 12    Int: 16    God:    Uskayaw [**....]
Gold:   256        SH:  0    Dex: 11    Spells: 5/10 levels left

rFire   + . .      SeeInvis .    a - +3 dagger (venom)
rCold   + . .      Faith    .    d - +0 buckler
rNeg    . . .      Spirit   .    (helmet currently unavailable)
rPois   +          Reflect  .    (no amulet)
rElec   +          Harm     .    t - ring of resist corrosion
rCorr   +          Rampage  .    (no ring)
Will    .....                    (no ring)
Stlth   ++                       (no ring)
HPRegen 0.27/turn                (no ring)
MPRegen 0.12/turn                (no ring)
                                 (no ring)
                                 (no ring)

@: confused, appendages, resistant, wereblooded
A: tentacle spike 3, almost no armour, amphibious, 8 rings, camouflage 1,
gelatinous body 1, (nimble swimmer 1), tentacles, strong 1
a: End Transformation, Renounce Religion, Stomp, Line Pass


You were on level 4 of the Dungeon.
You worshipped Uskayaw.
Uskayaw was noncommittal.
One of your tentacles had grown a beastly spike.
You visited 1 branch of the dungeon, and saw 4 of its levels.

You collected 256 gold pieces.

Inventory:

Hand Weapons
 a - a +3 dagger of venom (weapon)
 b - a +0 sling
 l - a +2 mace of holy wrath
 n - a +2 short sword of draining
Missiles
 c - 57 stones
 f - 5 javelins
 h - 4 throwing nets (quivered)
 q - 7 poisoned darts
Armour
 d - a +0 buckler (worn)
Jewellery
 t - a ring of resist corrosion (left tentacle)
Scrolls
 p - 2 scrolls of blinking {unknown}
 s - a scroll of silence {unknown}
Potions
 e - 5 potions of flight
 k - 2 potions of lignification


   Skills:
 - Level 3.0 Fighting
 - Level 2.0 Short Blades
 - Level 0.2 Ranged Weapons
 - Level 1.0 Throwing
 - Level 2.0 Dodging
 - Level 3.0 Stealth
 - Level 2.0 Shields
 - Level 3.0 Unarmed Combat
 - Level 2.1 Spellcasting
 + Level 1.6 Summonings
 - Level 2.0 Necromancy
 - Level 4.0 Transmutations


You had 5 spell levels left.
You knew the following spells:

 Your Spells              Type           Power      Damage    Failure   Level
a - Beastly Appendage     Tmut           28%        N/A       5%          1
b - Wereblood             Tmut           14%        N/A       8%          2
c - Necrotise             Necr           32%        1d5       12%         1
d - Summon Small Mammal   Summ           24%        N/A       14%         1

Your spell library contained the following spells:

 Spells                   Type           Power      Damage    Failure   Level
 Sublimation of Blood     Necr           8%         N/A       19%         2
 Spider Form              Tmut/Pois      8%         N/A       34%         3
 Ice Form                 Ice/Tmut       8%         N/A       75%         4
 Borgnjor's Vile Clutch   Necr/Erth      2%         N/A       99%         5
 Summon Hydra             Summ           3%         N/A       100%        7


Dungeon Overview and Level Annotations

Branches:
Dungeon (4/15)
 Temple: D:4-7

Altars:
Cheibriados
Dithmenos
Elyvilon
Gozag
Uskayaw
Vehumet

Annotations:
D:2 1 runed translucent door, Crazy Yiuf


Innate Abilities, Weirdness & Mutations

One of your tentacles has grown a beastly spike.
You cannot wear most types of armour.
You are amphibious.
You can wear up to eight rings at the same time.
Your skin changes colour to match your surroundings (Stealth+).
Your rubbery body absorbs attacks. (AC +1, EV +1)
((You are camouflaged when in or above water. (Stealth+)))
You have tentacles for arms and can constrict up to eight enemies at once.
Your muscles are strong. (Str +4, Int/Dex -1)


Message History

The orc priest is moderately wounded.
You constrict the orc priest.
You feel sick.
You are no longer poisoned.
The orc priest barely misses you. Something hits you.
You hit the orc priest.
The orc priest looks as sick as possible!
Your tentacle spike misses the orc priest.
The orc priest is heavily wounded.
You constrict the orc priest.
The orc priest mumbles some strange prayers to Beogh against you.
Pain shoots through your body!
* * * LOW HITPOINT WARNING * * *
You hear some strange, mumbled words.
You are confused.
You can now pass through a line of other dancers.
You're too confused to cast spells.
Unknown command.
Unknown command.
You're too confused to cast spells.
Okay, then.
Unknown command.
Unknown command.
Unknown command.
You are too confused!
You feel protected.
You constrict the orc priest.
You feel a bit better.
You kill the orc priest!
Something hits you.
* * * LOW HITPOINT WARNING * * *
You have reached level 7!
Are you sure you want to stumble around while confused and next to your rat?
You hit the kobold.
You feel a bit better.
You kill the kobold!
Something hits you.
* * * LOW HITPOINT WARNING * * *
The orc wizard casts a spell.
The orc wizard flickers and vanishes!
Are you sure you want to stumble around while confused and next to your rat?
You're too confused to move!
Something hits you.
You die...

.## ##......).....†'.#8...8#.'...
#.###.######....####.##...##.####
.#.#.## #.#.## #.###.##.#####
###.## #..## #.#⌠#'####.... # ###
##.# #.'...⌠# #.### #.# ###⌠#'##
#.# # #.# ###.## #.# #
#.#########...# #.###
#.#{@r...#8...8##....
###.#)#######...####### #.K...#
##_######## #.###.# ###....... #.
#... ######## # #{### ... ###


You could see a friendly rat (summoned).

Vanquished Creatures
  A scorpion (D:4)
  A hound (D:4)
  An orc priest (D:4)
  Terence (D:3)
  2 orc wizards (D:4)
  A mummy (D:4)
  6 gnolls
  9 adders
  2 worms
  2 dart slugs
  3 orcs
  8 endoplasms
  4 giant cockroaches
  9 goblins
  9 hobgoblins
  8 jackals (D:1)
  2 quokkas (D:2)
  11 ball pythons
  5 bats
  2 frilled lizards
  7 kobolds
  5 rats
99 creatures vanquished.

Vanquished Creatures (others)
  A fungus (D:2)
1 creature vanquished.

Grand Total: 100 creatures vanquished

Notes
Turn   | Place    | Note
-------+----------+-------------------------------------------
     0 | D:1      | ParallaxScroll the Octopode Transmuter began the quest for
                  | the Orb.
     0 | D:1      | Reached XP level 1. HP: 13/13 MP: 3/3
   148 | D:1      | Reached XP level 2. HP: 18/18 MP: 5/5
   151 | D:1      | Learned a level 2 spell: Wereblood
   620 | D:1      | Reached XP level 3. HP: 24/24 MP: 2/6
   943 | D:1      | Reached skill level 1 in Shields
  1359 | D:1      | Reached skill level 1 in Stealth
  1633 | D:2      | Reached skill level 1 in Short Blades
  1633 | D:2      | Reached skill level 3 in Transmutations
  1633 | D:2      | Reached XP level 4. HP: 29/29 MP: 4/7
  2062 | D:2      | Reached XP level 5. HP: 34/34 MP: 4/8
  2093 | D:2      | Found a hide-covered altar of Uskayaw.
  2100 | D:2      | Became a worshipper of Uskayaw the Reveller
  2121 | D:2      | Found a runed translucent door.
  2122 | D:2      | Noticed Crazy Yiuf
  2246 | D:3      | Reached * piety under Uskayaw
  2515 | D:3      | Noticed Terence
  2523 | D:3      | Killed Terence
  2523 | D:3      | Reached ** piety under Uskayaw
  2724 | D:3      | Found a shadowy altar of Dithmenos.
  3324 | D:4      | Got the Cyclopedia of Dark Illusion
  3503 | D:4      | Reached skill level 1 in Throwing
  3503 | D:4      | Reached skill level 1 in Necromancy
  3503 | D:4      | Reached skill level 4 in Transmutations
  3503 | D:4      | Reached XP level 6. HP: 39/39 MP: 5/9
  3505 | D:4      | Learned a level 1 spell: Necrotise
  3762 | D:4      | Reached *** piety under Uskayaw
  3904 | D:4      | Found a snail-covered altar of Cheibriados.
  4185 | D:4      | Found a white marble altar of Elyvilon.
  4448 | D:4      | Gained mutation: Your muscles are strong. (Str +4, Int/Dex
                  | -1) [potion of mutation]
  4793 | D:4      | Reached skill level 1 in Summonings
  4795 | D:4      | Learned a level 1 spell: Summon Small Mammal
  4819 | D:4      | Found a radiant altar of Vehumet.
  4824 | D:4      | Found an opulent altar of Gozag.
  4864 | D:4      | Reached XP level 7. HP: 4/46 MP: 5/10
  4864 | D:4      | HP: 1/46 [something (5)]
  4865 | D:4      | Slain by an orc wizard

Illustrated notes

Levels and vault maps discovered:
D:1:      nzn_arrival_water_spiral, layout_basic, hex_medium
D:2:      minmay_wonky_spiral, layout_rooms, basic_altar,
          chequers_serial_rivers_large_a, uniq_crazy_yiuf_cottage
D:3:      minmay_chambers_of_twos, layout_basic, grunt_dithmenos_smoke,
          saegor_snake_ambush, uniq_terence
D:4:      layout_loops_corners, slow_altar_1, mainiacjoe_overflow_paths,
          amethyst_overflow_temple_binary

Skill      XL: |  1  2  3  4  5  6 |
---------------+-------------------+-----
Shields        | 1 2 |  2.0
Fighting       | 2 3 |  3.0
Stealth        | 1 3 |  3.0
Short Blades   | 1 2 |  2.0
Transmutations | 3 4 |  4.0
Throwing       | 1 |  1.0
Necromancy     | 1 2 |  2.0
Summonings     | 1 |  1.6
Ranged Weapons | |  0.2
Dodging        | |  2.0
Unarmed Combat | |  3.0
Spellcasting   | |  2.1

Action                     |  1- 3 |  4- 6 |  7- 9 || total
---------------------------+-------+-------+-------++-------
  Melee: Unarmed           |    35 |       |       ||    35
         Constrict         |    21 |    23 |       ||    44
         Tentacles         |    13 |    13 |       ||    26
         Kick              |    19 |    30 |       ||    49
         Punch             |     1 |       |       ||     1
         Dagger            |    15 |    97 |     1 ||   113
   Fire: Sling             |    38 |    68 |       ||   106
  Throw: Stone             |     1 |       |       ||     1
         Dart              |       |     3 |       ||     3
         Javelin           |       |     1 |       ||     1
         Throwing net      |       |     1 |       ||     1
   Cast: Beastly Appendage |    17 |    33 |       ||    50
         Wereblood         |    15 |    38 |       ||    53
         Summon Small Mamm |       |     2 |       ||     2
         Necrotise         |       |     2 |       ||     2
    Use: Scroll            |       |     7 |       ||     7
         Potion            |       |     7 |       ||     7
   Stab: Sleeping          |     2 |     4 |       ||     6
 Armour: Skin              |     1 |     5 |       ||     6
  Dodge: Dodged            |    27 |    51 |       ||    78
  Block: Buckler           |     2 |    18 |       ||    20

Table legend: (Time is in decaauts)
 A = Elapsed time spent in this place.
 B = Non-inter-level travel time spent in this place.
 C = Inter-level travel time spent in this place.
 D = Time resting spent in this place.
 E = Time spent auto-exploring this place.
 F = Levels seen in this place.
 G = Mean time per level.
                   A        B        C        D        E       F      G
               +--------+--------+--------+--------+--------+-----+--------+
         Total |   4858 |   4684 |    174 |    881 |   3029 |   4 | 1214.5 |
       Dungeon |   4858 |   4684 |    174 |    881 |   3029 |   4 | 1214.5 |
               +--------+--------+--------+--------+--------+-----+--------+

Top non-repeatable levels by time:
     D:1: 1435 daAuts
     D:4: 1376 daAuts
     D:3: 1318 daAuts
     D:2: 728 daAuts
